 Dungeon Crawl Stone Soup version 0.20.0-15-g7f486f2 (webtiles) character file.

298 dvd the Cudgeler (level 6, -2/53 HPs)
             Began as a Troll Monk on June 17, 2017.
             Was a Believer of Hepliaklqana.
             Slain by Sigmund
             ... wielding a +0 scythe
              (15 damage)
             ... while paralysed by Grinder
             ... on level 4 of the Dungeon.
             The game lasted 00:07:31 (2144 turns).

dvd the Cudgeler (Troll Monk)                       Turns: 2144, Time: 00:07:32

Health: -2/53      AC:  5    Str: 20    XL:     6   Next: 13%
Magic:  5/5        EV:  1    Int:  6    God:    Hepliaklqana [**....]
Gold:   142        SH:  0    Dex: 14    Spells: 5/5 levels left

rFire    . . .     SeeInvis .   r - +0 dire flail
rCold    . . .     Gourm    +   (shield currently unavailable)
rNeg     . . .     Faith    .   b - +0 robe
rPois    .         Spirit   .   (helmet restricted)
rElec    .         Reflect  .   (no cloak)
rCorr    .         Harm     .   (gloves unavailable)
MR       .....                  (boots unavailable)
Stlth    ++........             (no amulet)
Regen    0.6/turn               (no ring)
MPRegen  0.1/turn               (no ring)

@: paralysed, drained
A: unfitting armour, reduced essence, claws 3, fast metabolism 3, gourmand,
regeneration 1, shaggy fur 1, tough skin 2
a: Recall Ancestor, Ancestor Identity, Renounce Religion


You were on level 4 of the Dungeon.
You worshipped Hepliaklqana.
Hepliaklqana was pleased with you.
You were completely stuffed.

You visited 1 branch of the dungeon, and saw 4 of its levels.

You collected 142 gold pieces.

Inventory:

Hand Weapons
 a - a +0 mace
 r - a +0 dire flail (weapon)
 w - a +0 hand axe
Missiles
 k - 139 stones (quivered)
Armour
 b - a +0 robe (worn)
Wands
 x - a wand of acid (3/15)
Scrolls
 d - 3 scrolls of magic mapping {unknown}
 e - 2 scrolls of noise {unknown}
 f - 2 scrolls of teleportation {unknown}
 g - 4 scrolls of immolation {unknown}
 h - 2 scrolls of enchant weapon {unknown}
 m - 2 scrolls of blinking {unknown}
 n - a scroll of recharging {unknown}
 o - a scroll of amnesia {unknown}
 p - a scroll of fog {unknown}
 s - 2 scrolls of identify {unknown}
 t - a scroll of remove curse {unknown}
Potions
 i - 2 potions of agility {unknown}
 j - 2 potions of haste {unknown}
 u - a potion of heal wounds {unknown}
 v - a potion of curing {unknown}
 z - a potion of might {unknown}
 A - a potion of degeneration {unknown}
 B - a potion of invisibility {unknown}
Comestibles
 c - 4 bread rations
 l - 2 royal jellies
 q - 10 chunks of flesh


   Skills:
 + Level 2.9(2.7) Fighting
 + Level 4.8(4.7) Maces & Flails
 + Level 1.0(0.8) Throwing
 + Level 3.8(3.6) Dodging
 + Level 1.1(0.9) Stealth


You had 5 spell levels left.
You didn't know any spells.

Dungeon Overview and Level Annotations

Branches:
Dungeon (4/15)
 Temple: D:4-7

Altars:
Hepliaklqana
Okawaru
Vehumet

Annotations:
D:4 Grinder, Sigmund


Innate Abilities, Weirdness & Mutations

You are too large for most types of armour.
You have claws for hands.
Your metabolism is lightning-fast.
You like to eat raw meat.
Your natural rate of healing is unusually fast.
You are covered in fur. (AC +1)
You have very tough skin. (AC +2)
Your life essence is reduced. (-10% HP)


Message History

You hit Grinder but do no damage.
Grinder is severely wounded.
Lucius hits Grinder with a dagger of draining.
Something hits you!
The hound skeleton bites you but does no damage.
Grinder gestures at you.
You suddenly lose the ability to move!
The hound skeleton bites you.
* * * LOW HITPOINT WARNING * * *
Lucius hits Grinder with a dagger of draining.
Grinder barely misses Lucius.
The hound skeleton bites you.
* * * LOW HITPOINT WARNING * * *
Something hits you but does no damage.
Lucius hits Grinder but does no damage.
Grinder grins, showing sharp teeth.
Grinder hits Lucius!
The hound skeleton bites you but does no damage.
Lucius casts a spell at something.
Grinder resists with some effort.
Something hits you!
You die...

#..# #.# #..# #.#
#..# #.# #..#
#.###
#..####...####
#.รท#..<......#
...##.....###.##.#
..........# #.##.#
..#######.#
#.##@## #.#
#.#ZR5#
.......###{(..#
#.##..# #.#+#
#.##..# .+ #.###.#
# .#


You could see the friendly Lucius the hexer, Grinder and a hound skeleton.

Vanquished Creatures
  A hound (D:3)
  Jessica (D:2)
  Ijyb (D:3)
  An orc wizard (D:3)
  5 adders
  2 worms (D:2)
  3 dart slugs
  A leopard gecko (D:2)
  4 orcs (D:3)
  7 bats
  5 giant cockroaches
  11 goblins
  3 hobgoblins
  9 kobolds
  3 quokkas
  A ball python (D:2)
  7 frilled lizards
  5 rats
70 creatures vanquished.

Vanquished Creatures (collateral kills)
  A hound (D:4)
  An orc wizard (D:3)
  A goblin (D:3)
  2 hobgoblins (D:3)
  A bat (D:3)
  A frilled lizard (D:4)
  2 rats (D:3)
9 creatures vanquished.

Grand Total: 79 creatures vanquished

Notes
Turn   | Place    | Note
-------+----------+-------------------------------------------
     0 | D:1      | dvd the Troll Monk began the quest for the Orb.
     0 | D:1      | Reached XP level 1. HP: 22/22 MP: 0/0
    89 | D:1      | Reached skill level 3 in Maces & Flails
   111 | D:1      | Reached XP level 2. HP: 26/29 MP: 1/1
   662 | D:2      | Reached XP level 3. HP: 36/36 MP: 2/2
   713 | D:2      | Noticed Jessica
   728 | D:2      | Killed Jessica
   856 | D:2      | Reached XP level 4. HP: 39/44 MP: 3/3
  1411 | D:3      | Found a radiant altar of Vehumet.
  1431 | D:3      | Reached skill level 4 in Maces & Flails
  1479 | D:3      | Found a hazy altar of Hepliaklqana.
  1502 | D:3      | Became a worshipper of Hepliaklqana the Forgotten
  1502 | D:3      | Reached * piety under Hepliaklqana
  1502 | D:3      | Reached ** piety under Hepliaklqana
  1503 | D:3      | Remembered your ancestor Lucius as a hexer
  1583 | D:3      | Reached XP level 5. HP: 42/45 MP: 4/4
  1712 | D:3      | Noticed Ijyb
  1725 | D:3      | Killed Ijyb
  1925 | D:3      | Found an iron altar of Okawaru.
  2093 | D:4      | Reached XP level 6. HP: 50/53 MP: 5/5
  2099 | D:4      | Reached skill level 1 in Throwing
  2129 | D:4      | Noticed Sigmund
  2133 | D:4      | Noticed Grinder
  2141 | D:4      | Paralysed by Grinder for 5 turns
  2144 | D:4      | Slain by Sigmund

Skill      XL: |  1  2  3  4  5  6 |
---------------+-------------------+-----
Maces & Flails | 3 4 |  4.8
Dodging        | 3 |  3.8
Throwing       | 1 |  1.0
Fighting       | |  2.9
Stealth        | |  1.1

Action                   |  1- 3 |  4- 6 || total
-------------------------+-------+-------++-------
Melee: Mace              |   112 |    82 ||   194
       Dire flail        |       |    69 ||    69
Throw: Stone             |     7 |     8 ||    15
Invok: Ancestor Life: He |       |     1 ||     1
       Ancestor Identity |       |     1 ||     1
 Stab: Distracted        |       |     1 ||     1
  Eat: Chunk             |    14 |    12 ||    26
Armor: Robe              |    55 |    68 ||   123
Dodge: Dodged            |    66 |    83 ||   149
